 Seeded DCSS version 0.29-a0-416-g83a48905f1 (webtiles) character file.

Game seed: 20220517 (custom seed)

448 a11behringer the Cudgeller (level 6, -1/48 HPs)
             Began as a Draconian Transmuter on May 17, 2022.
             Was an Initiate of Gozag.
             Killed from afar by Pikel (39 damage)
             ... with a bolt of acid
             ... on level 5 of the Dungeon.
             The game lasted 00:11:51 (5479 turns).

a11behringer the Cudgeller (Draconian Transmuter)   Turns: 5479, Time: 00:11:51

Health: -1/48      AC:  7    Str: 12    XL:     6   Next: 73%
Magic:  9/9        EV: 12    Int: 22    God:    Gozag
Gold:   227        SH:  3    Dex: 11    Spells: 6/9 levels left

rFire   . . .      SeeInvis .   r - +0 whip (elec)
rCold   . . .      Faith    .   y - +0 buckler
rNeg    + . .      Spirit   .   (body armour unavailable)
rPois   .          Reflect  .   (helmet currently unavailable)
rElec   .          Harm     .   u - +0 cloak
rCorr   .          Rampage  .   (no gloves)
Will    .....                   (boots currently unavailable)
Stlth   ++........              b - amulet of magic regeneration
HPRegen 0.16/turn               i - +6 ring of intelligence
MPRegen 0.51/turn               t - ring of positive energy

@: appendages, gold aura
A: horns 2, talons 2, AC +6, unfitting armour, cold-blooded
a: End Transformation, Renounce Religion, Potion Petition, Call Merchant, Bribe
Branch


You were on level 5 of the Dungeon.
You worshipped Gozag.
Gozag was aware of your devotion.
You had temporarily grown beastly horns and talons.
You visited 2 branches of the dungeon, and saw 6 of its levels.

You collected 297 gold pieces.
You paid 70 gold pieces to Gozag.

Inventory:

Hand Weapons
 e - a +0 rapier
 n - a +0 whip
 r - a +0 whip of electrocution (weapon)
 B - a +0 hunting sling
Missiles
 d - a throwing net
 f - 2 javelins
Armour
 u - a +0 cloak (worn)
 y - a +0 buckler (worn)
Magical Staves
 q - a staff of cold
Jewellery
 b - an amulet of magic regeneration (around neck)
 i - a +6 ring of intelligence (left hand)
 t - a ring of positive energy (right hand)
Wands
 v - a wand of digging (1)
Scrolls
 c - a scroll of acquirement {unknown}
 h - 2 scrolls of enchant armour {unknown}
 j - 2 scrolls of teleportation
 l - 2 scrolls of amnesia
 s - a scroll of fear {unknown}
 x - 2 scrolls of magic mapping {unknown}
 C - a scroll of immolation {unknown}
 E - a scroll of identify
Potions
 a - 3 potions of lignification
 g - a potion of brilliance
 k - 3 potions of curing
 m - a potion of cancellation {unknown}
 o - 3 potions of mutation {unknown}
 p - 2 potions of invisibility
 w - a potion of heal wounds {unknown}
 z - a potion of ambrosia {unknown}
 A - a potion of haste {unknown}
 D - a potion of berserk rage {unknown}


   Skills:
 + Level 2.2 Fighting
 * Level 4.1 Maces & Flails
 + Level 2.7 Dodging
 + Level 1.5 Stealth
 + Level 0.4 Shields
 - Level 3.6 Unarmed Combat
 + Level 2.3 Spellcasting
 * Level 3.6 Transmutations


You had 6 spell levels left.
You knew the following spells:

 Your Spells              Type           Power      Damage    Failure   Level
a - Beastly Appendage     Tmut           36%        N/A       4%          1
b - Wereblood             Tmut           18%        N/A       6%          2

Your spell library contained the following spells:

 Spells                   Type           Power      Damage    Failure   Level
 Passwall                 Tmut/Erth      8%         N/A       13%         2
 Ensorcelled Hibernation  Hex/Ice        4%         N/A       26%         2
 Spider Form              Tmut/Pois      10%        N/A       26%         3
 Swiftness                Air            2%         N/A       47%         3
 Ice Form                 Ice/Tmut       10%        N/A       65%         4


Dungeon Overview and Level Annotations

Branches:
Dungeon (5/15)             Temple (1/1) D:4

Altars:
Ashenzari
Cheibriados
Dithmenos
Elyvilon
Fedhas
Gozag
Hepliaklqana
Kikubaaqudgha
Makhleb
Nemelex Xobeh
Okawaru
Qazlal
Ru
Sif Muna
Uskayaw
Vehumet
Wu Jian
Xom
Yredelemnul
Zin
The Shining One

Shops:
D:1 =

Annotations:
D:5 Pikel


Innate Abilities, Weirdness & Mutations

You have temporarily grown beastly horns and talons.
Your plain brown scales are hard. (AC +6)
You cannot fit into any form of body armour.
You are cold-blooded and may be slowed by cold attacks.


Message History

The slug dart misses you. The dart slug launches a dart at you.
The slug dart misses you.
A black bear comes into view.
The dart slug launches a dart at you. The slug dart misses you.
You hit the dart slug but do no damage. You hit the dart slug but do no damage.
The dart slug closely misses you.
You hit the dart slug but do no damage.
The black bear growls angrily.
The dart slug barely misses you.
You hit the dart slug. You tail-slap the dart slug.
The dart slug is heavily wounded.
You hit the dart slug.
You kill the dart slug!
Pikel and a lemure come into view.
Pikel is wielding a +0 whip of flaming and carrying a wand of acid (8).
The lemure shouts!
You hear a shout!
A lemure comes into view.
The lemure moves out of view.
You hear a shout!
A lemure comes into view. x2
Found a scroll of identify.
The lemure shouts!
You hit the black bear but do no damage.
The black bear closely misses you.
The black bear claws you but does no damage. x2
Okay, then.
Casting: Beastly Appendage (safe; 4% risk of failure)
Confirm with . or Enter, or press ? or * to list all spells.
You grow a pair of large bovine horns.
Your feet morph into talons.
Pikel hits you with a +0 whip of flaming.
Pikel burns you. You block the black bear's attack. The black bear claws you.
The black bear barely misses you.
You hit Pikel. Your kick misses Pikel.
Pikel is lightly wounded.
Pikel zaps a wand.
The bolt of acid hits you!!!
Ouch! That really hurt!
You die...
Your body crumbles into a pile of gold.

##..?.... ####
#........$
#.#...##........
#...............
#...............
##........55.....
.........Kh5.....
#...$....@#
..........##
#....$....#
#....[..#.#
.##......#... $
.........#####..
................
.##.##.#..###.#
#. #.##.##


You could see Pikel, a black bear and 3 lemures.

Vanquished Creatures
  2 ogres (D:4)
  Blork the orc (D:4)
  A scorpion (D:5)
  A hound (D:4)
  4 adders
  A worm (D:4)
  3 dart slugs
  8 orcs (D:4)
  2 bats
  7 endoplasms
  4 giant cockroaches
  3 goblins
  8 hobgoblins
  7 jackals
  2 quokkas
  4 ball pythons
  2 frilled lizards (D:1)
  9 kobolds
  7 rats
76 creatures vanquished.

Vanquished Creatures (others)
  A plant (D:4)
1 creature vanquished.

Grand Total: 77 creatures vanquished

Notes
Turn   | Place    | Note
-------+----------+-------------------------------------------
     0 | D:1      | a11behringer the Draconian Transmuter began the quest for
                  | the Orb.
     0 | D:1      | Reached XP level 1. HP: 16/16 MP: 3/3
    29 | D:1      | Found Riqinuh's Jewellery Shop.
   228 | D:1      | Reached XP level 2. HP: 10/23 MP: 5/5
   487 | D:1      | Noticed an eye of devastation
   489 | D:1      | Found a faded altar of an unknown god.
   500 | D:1      | Noticed an eye of devastation
   506 | D:1      | Noticed a floating eye
   506 | D:1      | Noticed a floating eye
  1103 | D:2      | Reached XP level 3. HP: 16/28 MP: 6/6
  2822 | D:3      | Reached XP level 4. HP: 35/35 MP: 7/7
  2870 | D:3      | Learned a level 2 spell: Wereblood
  3309 | D:3      | Reached skill level 1 in Maces & Flails
  3571 | D:4      | Noticed Blork the orc
  3575 | D:4      | Noticed an ogre
  3588 | D:4      | Killed Blork the orc
  3589 | D:4      | Reached skill level 2 in Maces & Flails
  3589 | D:4      | Reached skill level 1 in Stealth
  3589 | D:4      | Reached XP level 5. HP: 4/40 MP: 8/8
  3593 | D:4      | Killed an ogre
  3852 | D:4      | Reached skill level 3 in Maces & Flails
  3983 | D:4      | Reached XP level 6. HP: 33/48 MP: 9/9
  4403 | D:4      | Found a staircase to the Ecumenical Temple.
  4433 | Temple   | Entered the Ecumenical Temple
  4743 | Temple   | Became a worshipper of Gozag Ym Sagoz the Greedy
  5323 | D:5      | Entered Level 5 of the Dungeon
  5340 | D:5      | Reached skill level 4 in Maces & Flails
  5474 | D:5      | Noticed Pikel
  5479 | D:5      | Killed from afar by Pikel

Illustrated notes

Levels and vault maps discovered:
D:1:      wander_arrival_estate, layout_basic, serial_shops, shop,
          hellmonk_ecumenical_altar_watching_god, minmay_misc_feat_doors
D:2:      layout_basic, serial_forest, infiniplex_forest_clump_small,
          infiniplex_forest_lined_corner, infiniplex_forest_lined_2,
          infiniplex_forest_pool, infiniplex_forest_lined_3_way,
          infiniplex_forest_clump_long, st_stairs_2, minmay_misc_feat_square,
          minmay_pentomino_x4
D:3:      layout_basic, minmay_puff
D:4:      layout_cave_pools, temple_green, serial_column_ruins,
          column_ruins_circle_medium, column_ruins_hut, column_ruins_open_tiny,
          column_ruins_open_tiny, column_ruins_columns_corner,
          column_ruins_columns_straight, saegor_snake_ambush, uniq_blork_the_orc
D:5:      layout_rooms, hellmonk_bongcloud_opening, minmay_misc_feat_hallway,
          uniq_crazy_yiuf_cottage, uniq_pikel
Temple:   mainiacjoe_temple_circle_huts

Skill      XL: |  1  2  3  4  5  6 |
---------------+-------------------+-----
Dodging        | 2 |  2.7
Transmutations | 3 |  3.6
Maces & Flails | 2 3 4 |  4.1
Stealth        | 1 |  1.5
Fighting       | 2 |  2.2
Shields        | |  0.4
Unarmed Combat | |  3.6
Spellcasting   | |  2.3

Action                   |  1- 3 |  4- 6 || total
-------------------------+-------+-------++-------
Melee: Unarmed           |   100 |       ||   100
       Tailslap          |    12 |    16 ||    28
       Punch             |     3 |     1 ||     4
       Kick              |     2 |    10 ||    12
       Headbutt          |     1 |     2 ||     3
       Whip              |    52 |   132 ||   184
 Cast: Beastly Appendage |     2 |     3 ||     5
       Wereblood         |       |     2 ||     2
  Use: Scroll            |       |     5 ||     5
       Potion            |       |     1 ||     1
 Stab: Sleeping          |     1 |       ||     1
Armor: Skin              |    53 |    49 ||   102
Dodge: Dodged            |    93 |    94 ||   187
Block: Buckler           |       |    25 ||    25

Table legend: (Time is in decaauts)
 A = Elapsed time spent in this place.
 B = Non-inter-level travel time spent in this place.
 C = Inter-level travel time spent in this place.
 D = Time resting spent in this place.
 E = Time spent auto-exploring this place.
 F = Levels seen in this place.
 G = Mean time per level.
                   A        B        C        D        E       F      G
               +--------+--------+--------+--------+--------+-----+--------+
         Total |   5495 |   5100 |    395 |      0 |   4479 |   6 |  915.8 |
       Dungeon |   5166 |   4814 |    352 |      0 |   4218 |   5 | 1033.2 |
        Temple |    328 |    285 |     43 |      0 |    261 |   1 |  328.0 |
               +--------+--------+--------+--------+--------+-----+--------+

Top non-repeatable levels by time:
     D:2: 1598 daAuts
     D:4: 1442 daAuts
     D:1: 1082 daAuts
     D:3: 888 daAuts
  Temple: 328 daAuts
     D:5: 154 daAuts
